PA
CHICAGO TULA @ CALDWELL CHIEFS
08/21/2042
 
TOP OF THE 1ST
Chicago Tula batting - Pitching for Caldwell Chiefs : RHP Donald Nexport
Pitching: RHP Donald Nexport
Batting: RHB Esteban Rojas 0-0: Called Strike
0-1: Swinging Strike
0-2: Ball
1-2: Foul Ball, location: 2F
1-2: Strikes out looking
Batting: RHB Jeff Weber 0-0: Fly out, F8 (Flyball, 8LXD, EV 100.6 MPH)
Batting: LHB Cisco Gracía 0-0: Ball
1-0: Called Strike
1-1: Foul Ball, location: 2F
1-2: Foul Ball, location: 2F
1-2: Strikes out swinging
Top of the 1st over - 0 runs, 0 hits, 0 errors, 0 left on base; Chicago 0 - Caldwell 0
BOTTOM OF THE 1ST
Caldwell Chiefs batting - Pitching for Chicago Tula : LHP David O'Farrell
Pitching: LHP David O'Farrell
Batting: RHB Luis Miguel Monteblanco 0-0: Called Strike
0-1: Foul Ball, location: 2F
0-2: Ball
1-2: Ball
2-2: Foul Ball, location: 2F
2-2: Ball
3-2: Ground out 6-3 (Groundball, 6M, EV 89.4 MPH)
Batting: RHB Nick Davis 0-0: Called Strike
0-1: Fly out, F7 (Flyball, 7, EV 87.5 MPH)
Batting: RHB Derrick Davis 0-0: Ball
1-0: Ball
2-0: Foul Ball, location: 2F
2-1: Fly out, F9 (Flyball, 9S, EV 86.9 MPH)
Bottom of the 1st over - 0 runs, 0 hits, 0 errors, 0 left on base; Chicago 0 - Caldwell 0
TOP OF THE 2ND
Chicago Tula batting - Pitching for Caldwell Chiefs : RHP Donald Nexport
Batting: RHB Guillermo Dettori 0-0: Called Strike
0-1: Swinging Strike
0-2: SINGLE (Line Drive, 9LM, EV 102.5 MPH)
Batting: LHB Andrew Gray 0-0: Swinging Strike
0-1: Ball
1-1: Ball
2-1: Called Strike
2-2: Strikes out swinging
Batting: RHB Kichibei Kawaguchi 0-0: Ball
1-0: Ball
2-0: Ball
3-0: Called Strike
3-1: SINGLE (Groundball, 3L, EV 98.1 MPH) (infield hit)
Guillermo Dettori to second
Batting: RHB John Montgomery 0-0: Fielders Choice at 2nd, 3-6 (Groundball, 3, EV 90.0 MPH)
Guillermo Dettori to third
Batting: RHB Chad Brown 0-0: Ground out 4-3 (Groundball, 34, EV 78.1 MPH)
Top of the 2nd over - 0 runs, 2 hits, 0 errors, 2 left on base; Chicago 0 - Caldwell 0
BOTTOM OF THE 2ND
Caldwell Chiefs batting - Pitching for Chicago Tula : LHP David O'Farrell
Batting: RHB Gin-fan Chong 0-0: Called Strike
0-1: Called Strike
0-2: Ball
1-2: Ball
2-2: Ball
3-2: DOUBLE (Line Drive, 9LM, EV 111.2 MPH)
Batting: RHB Kane Felton 0-0: Called Strike
0-1: Foul Ball, location: 2F
0-2: Ball
1-2: Strikes out swinging
Batting: LHB John Kersey 0-0: Called Strike
0-1: Foul Ball, location: 2F
0-2: Foul Ball, location: 2F
0-2: Ball
1-2: Ground out 4-3 (Groundball, 4, EV 91.9 MPH)
Gin-fan Chong to third
Batting: RHB Clark Curtis 0-0: Called Strike
0-1: Foul Ball, location: 2F
0-2: Ball
1-2: Ball
2-2: Fly out, F5 (Line Drive, 5, EV 65.0 MPH)
Bottom of the 2nd over - 0 runs, 1 hit, 0 errors, 1 left on base; Chicago 0 - Caldwell 0
TOP OF THE 3RD
Chicago Tula batting - Pitching for Caldwell Chiefs : RHP Donald Nexport
Batting: RHB Millard King 0-0: Ball
1-0: Swinging Strike
1-1: Ball
2-1: Called Strike
2-2: Strikes out looking
Batting: RHB Esteban Rojas 0-0: Ball
1-0: Foul Ball, location: 2F
1-1: Ball
2-1: Called Strike
2-2: Foul Ball, location: 2F
2-2: Ball
3-2: Ground out 1-3 (Groundball, 23, EV 86.2 MPH)
Batting: RHB Jeff Weber 0-0: Ball
1-0: Called Strike
1-1: Called Strike
1-2: Foul Ball, location: 2F
1-2: Strikes out swinging
Top of the 3rd over - 0 runs, 0 hits, 0 errors, 0 left on base; Chicago 0 - Caldwell 0
BOTTOM OF THE 3RD
Caldwell Chiefs batting - Pitching for Chicago Tula : LHP David O'Farrell
Batting: LHB Dan Webb 0-0: Swinging Strike
0-1: Swinging Strike
0-2: Strikes out looking
Batting: RHB Yuk Ye 0-0: Ball
1-0: Fly out, F7 (Flyball, 8LM, EV 90.0 MPH)
Batting: RHB Luis Miguel Monteblanco 0-0: Ball
1-0: Ball
2-0: Foul Ball, location: 2F
2-1: Foul Ball, location: 2F
2-2: Foul Ball, location: 2F
2-2: Ball
3-2: Foul Ball, location: 2F
3-2: Base on Balls
Batting: RHB Nick Davis 0-0: Called Strike
0-1: Ball
1-1: Ball
2-1: SINGLE (Line Drive, 7LS, EV 103.8 MPH)
Luis Miguel Monteblanco to second
Batting: RHB Derrick Davis 0-0: Ball
1-0: Called Strike
1-1: Swinging Strike
1-2: Foul Ball, location: 2F
1-2: Ball
2-2: Strikes out swinging
Bottom of the 3rd over - 0 runs, 1 hit, 0 errors, 2 left on base; Chicago 0 - Caldwell 0
TOP OF THE 4TH
Chicago Tula batting - Pitching for Caldwell Chiefs : RHP Donald Nexport
Batting: LHB Cisco Gracía 0-0: Foul Ball, location: 2F
0-1: SINGLE (Line Drive, 78S, EV 106.2 MPH)
Batting: RHB Guillermo Dettori 0-0: Ball
Cisco Gracía steals 2nd, throwing error, E2
Cisco Gracía to third
1-0: Ball
2-0: Ball
3-0: Called Strike
3-1: Called Strike
3-2: Base on Balls
Batting: LHB Andrew Gray 0-0: Ball
Guillermo Dettori is caught stealing 2nd base 2-6
1-0: Called Strike
1-1: Foul Ball, location: 2F
1-2: Ball
2-2: Strikes out swinging
Batting: RHB Kichibei Kawaguchi 0-0: Ball
1-0: Swinging Strike
1-1: Swinging Strike
1-2: Foul Ball, location: 2F
1-2: Ball
2-2: Fly out, F9 (Flyball, 9LS, EV 91.2 MPH)
Top of the 4th over - 0 runs, 1 hit, 1 error, 1 left on base; Chicago 0 - Caldwell 0
BOTTOM OF THE 4TH
Caldwell Chiefs batting - Pitching for Chicago Tula : LHP David O'Farrell
Batting: RHB Gin-fan Chong 0-0: Ball
1-0: Called Strike
1-1: Foul Ball, location: 2F
1-2: Strikes out swinging
Batting: RHB Kane Felton 0-0: Ball
1-0: Called Strike
1-1: Ball
2-1: Called Strike
2-2: Strikes out swinging
Batting: LHB John Kersey 0-0: Called Strike
0-1: Fly out, F8 (Line Drive, 8LD, EV 86.2 MPH)
Bottom of the 4th over - 0 runs, 0 hits, 0 errors, 0 left on base; Chicago 0 - Caldwell 0
TOP OF THE 5TH
Chicago Tula batting - Pitching for Caldwell Chiefs : RHP Donald Nexport
Batting: RHB John Montgomery 0-0: Ball
1-0: Ball
2-0: Called Strike
2-1: Ball
3-1: Fly out, F9 (Flyball, 9, EV 82.5 MPH)
Batting: RHB Chad Brown 0-0: Ground out 6-3 (Groundball, 6M, EV 75.6 MPH)
Batting: RHB Millard King 0-0: SINGLE (Line Drive, 4D, EV 94.4 MPH)
Batting: RHB Esteban Rojas 0-0: Ball
1-0: Ball
2-0: Ball
3-0: Called Strike
3-1: Foul Ball, location: 2F
3-2: SINGLE (Groundball, 56D, EV 98.8 MPH)
Millard King to second
Millard King to third
Batting: RHB Jeff Weber 0-0: Called Strike
0-1: SINGLE (Line Drive, 3, EV 94.4 MPH)
Millard King scores
Esteban Rojas to second
Runner from 2nd tries for 3rd, SAFE, throw by RF made to third
Batting: LHB Cisco Gracía 0-0: Foul Ball, location: 2F
0-1: Foul Ball, location: 2F
0-2: Ball
1-2: Ball
2-2: Ball
3-2: Foul Ball, location: 2F
3-2: Ground out 5-3 (Groundball, 5, EV 82.5 MPH)
Top of the 5th over - 1 run, 3 hits, 0 errors, 2 left on base; Chicago 1 - Caldwell 0
BOTTOM OF THE 5TH
Caldwell Chiefs batting - Pitching for Chicago Tula : LHP David O'Farrell
Batting: RHB Clark Curtis 0-0: Ball
1-0: Ball
2-0: SINGLE (Line Drive, 4MD, EV 102.5 MPH)
Batting: LHB Dan Webb 0-0: Called Strike
0-1: Bunted foul
0-2: Ball
1-2: Ball
2-2: Ball
3-2: Base on Balls
Clark Curtis to second
Batting: RHB Yuk Ye 0-0: Ball
1-0: Ball
2-0: Foul Ball, location: 2F
2-1: Swinging Strike
2-2: Strikes out looking
Batting: RHB Luis Miguel Monteblanco 0-0: Called Strike
0-1: Swinging Strike
0-2: Ball
1-2: Foul Ball, location: 2F
1-2: Ball
2-2: Ball
3-2: Strikes out looking
Batting: RHB Nick Davis 0-0: Called Strike
0-1: Reached on error, E5 (Groundball, 56S, EV 70.6 MPH)
Clark Curtis scores
Dan Webb to third
Batting: RHB Derrick Davis 0-0: Fly out, F8 (Flyball, 8LD, EV 86.2 MPH)
Bottom of the 5th over - 1 run, 1 hit, 1 error, 2 left on base; Chicago 1 - Caldwell 1
TOP OF THE 6TH
Chicago Tula batting - Pitching for Caldwell Chiefs : RHP Donald Nexport
Batting: RHB Guillermo Dettori 0-0: Called Strike
0-1: Ball
1-1: Ball
2-1: Ball
3-1: SINGLE (Flyball, 7LS, EV 90.6 MPH)
Batting: LHB Andrew Gray 0-0: Ball
1-0: Called Strike
1-1: DOUBLE (Line Drive, 8RXD, EV 110.6 MPH)
Guillermo Dettori to third
Batting: RHB Kichibei Kawaguchi 0-0: Foul Ball, location: 2F
0-1: Ball
1-1: Called Strike
1-2: Foul Ball, location: 2F
1-2: Fly out, F8 (Flyball, 89D, EV 101.9 MPH)
Runner from 3rd tags up, SCORES, no throw by CF
Pitching: RHP Stephen Johnson
Batting: RHB John Montgomery 0-0: Swinging Strike
0-1: Swinging Strike
0-2: Strikes out swinging
Batting: RHB Chad Brown 0-0: Ball
1-0: Ball
2-0: Ball
3-0: Called Strike
3-1: Base on Balls
Batting: RHB Millard King 0-0: Ball
1-0: Called Strike
1-1: Foul Ball, location: 2F
1-2: Foul Ball, location: 2F
1-2: Strikes out looking
Top of the 6th over - 1 run, 2 hits, 0 errors, 2 left on base; Chicago 2 - Caldwell 1
BOTTOM OF THE 6TH
Caldwell Chiefs batting - Pitching for Chicago Tula : LHP David O'Farrell
Batting: RHB Gin-fan Chong 0-0: Ball
1-0: Ball
2-0: Called Strike
2-1: Swinging Strike
2-2: Ball
3-2: Foul Ball, location: 2F
3-2: Ground out 6-3 (Groundball, 6M, EV 96.9 MPH)
Now at SS: Joe Goff
Batting: RHB Kane Felton 0-0: Ball
1-0: Called Strike
1-1: Foul Ball, location: 2F
1-2: Ground out 1-3 (Groundball, 13, EV 70.0 MPH)
Batting: LHB John Kersey 0-0: Foul Ball, location: 2F
0-1: Foul Ball, location: 2F
0-2: Ball
1-2: Strikes out looking
Bottom of the 6th over - 0 runs, 0 hits, 0 errors, 0 left on base; Chicago 2 - Caldwell 1
TOP OF THE 7TH
Chicago Tula batting - Pitching for Caldwell Chiefs : RHP Stephen Johnson
Batting: RHB Joe Goff 0-0: Swinging Strike
0-1: Ball
1-1: Ball
2-1: Ball
3-1: Base on Balls
Batting: RHB Jeff Weber 0-0: Ball
1-0: Foul Ball, location: 2F
1-1: Ball
2-1: Ball
3-1: Swinging Strike
3-2: Strikes out looking
Batting: LHB Cisco Gracía 0-0: Called Strike
0-1: Swinging Strike
0-2: Foul Ball, location: 2F
0-2: SINGLE (Groundball, 6D, EV 106.2 MPH)
Joe Goff to second
Batting: RHB Guillermo Dettori 0-0: Ball
Joe Goff steals 3rd base
Cisco Gracía to second
1-0: Intentional Walk
Pitching: LHP Juriaan van der Kieft
Batting: LHB Andrew Gray 0-0: Called Strike
0-1: Called Strike
0-2: Ball
1-2: SINGLE (Groundball, 4D, EV 95.0 MPH)
Joe Goff scores
Cisco Gracía to third
Guillermo Dettori to second
Batting: RHB Kichibei Kawaguchi 0-0: Called Strike
0-1: Swinging Strike
0-2: Foul Ball, location: 2F
0-2: Foul Ball, location: 2F
0-2: Hit by Pitch
Cisco Gracía scores
Guillermo Dettori to third
Andrew Gray to second
Batting: RHB John Montgomery 0-0: Foul Ball, location: 2F
0-1: Ball
1-1: Ball
2-1: DOUBLE (Line Drive, 3D, EV 100.6 MPH)
Guillermo Dettori scores
Andrew Gray scores
Kichibei Kawaguchi to third
Batting: RHB Chad Brown 0-0: Foul Ball, location: 2F
0-1: Swinging Strike
0-2: Ball
1-2: Strikes out swinging
Batting: RHB Millard King 0-0: Called Strike
0-1: 3-RUN HOME RUN (Flyball, 7D, EV 85.0 MPH), Distance : 376 ft
Pitching: LHP Jim Nasium
Batting: RHB Joe Goff 0-0: Ball
1-0: Ball
2-0: Foul Ball, location: 2F
2-1: SINGLE (Line Drive, 34D, EV 100.6 MPH)
Pinch Hitting: LHB Make-Make Ekela 0-0: DOUBLE (Line Drive, 7LS, EV 95.0 MPH)
Joe Goff to third
Runner from 3rd tries for Home, SAFE, throw by LF to home
Batting: LHB Cisco Gracía 0-0: Ball
1-0: Ball
2-0: Called Strike
2-1: Ground out 4-3 (Groundball, 4MD, EV 86.2 MPH)
Top of the 7th over - 8 runs, 6 hits, 0 errors, 1 left on base; Chicago 10 - Caldwell 1
BOTTOM OF THE 7TH
Caldwell Chiefs batting - Pitching for Chicago Tula : LHP David O'Farrell
Pitching: LHP Sancho Altagracia
Now at 1B: Make-Make Ekela
Batting: RHB Clark Curtis 0-0: Called Strike
0-1: Ball
1-1: Foul Ball, location: 2F
1-2: Strikes out swinging
Pinch Hitting: RHB Norberto Costa 0-0: Called Strike
0-1: Ball
1-1: Fly out, F8 (Line Drive, 8LM, EV 86.9 MPH)
Batting: RHB Yuk Ye 0-0: Ball
1-0: Foul Ball, location: 2F
1-1: Swinging Strike
1-2: Strikes out swinging
Bottom of the 7th over - 0 runs, 0 hits, 0 errors, 0 left on base; Chicago 10 - Caldwell 1
TOP OF THE 8TH
Chicago Tula batting - Pitching for Caldwell Chiefs : LHP Jim Nasium
Now at 1B: Tim Garner
Batting: RHB Guillermo Dettori 0-0: Called Strike
0-1: Ball
1-1: Called Strike
1-2: Strikes out swinging
Batting: LHB Andrew Gray 0-0: Ball
1-0: Ball
2-0: Foul Ball, location: 2F
2-1: SINGLE (Flyball, 9S, EV 93.1 MPH)
Batting: RHB Kichibei Kawaguchi 0-0: Foul Ball, location: 2F
0-1: Swinging Strike
0-2: Strikes out swinging
Batting: RHB John Montgomery 0-0: Ball
1-0: Ball
2-0: Called Strike
2-1: Ball
3-1: Base on Balls
Andrew Gray to second
Batting: RHB Chad Brown 0-0: Called Strike
0-1: Fly out, F8 (Flyball, 8LS, EV 86.2 MPH)
Top of the 8th over - 0 runs, 1 hit, 0 errors, 2 left on base; Chicago 10 - Caldwell 1
BOTTOM OF THE 8TH
Caldwell Chiefs batting - Pitching for Chicago Tula : LHP Sancho Altagracia
Batting: RHB Luis Miguel Monteblanco 0-0: Called Strike
0-1: Ground out 6-3 (Groundball, 6, EV 103.1 MPH)
Batting: RHB Nick Davis 0-0: Fly out, F9 (Line Drive, 9, EV 88.8 MPH)
Batting: RHB Derrick Davis 0-0: SOLO HOME RUN (Line Drive, 9D, EV 100.6 MPH), Distance : 368 ft
Batting: RHB Gin-fan Chong 0-0: Foul Ball, location: 2F
0-1: Swinging Strike
0-2: Strikes out swinging
Bottom of the 8th over - 1 run, 1 hit, 0 errors, 0 left on base; Chicago 10 - Caldwell 2
TOP OF THE 9TH
Chicago Tula batting - Pitching for Caldwell Chiefs : LHP Jim Nasium
Pitching: RHP Ari Schaller
Batting: RHB Millard King 0-0: SINGLE (Groundball, 56D, EV 97.5 MPH)
Batting: RHB Joe Goff 0-0: Ball
1-0: Called Strike
Pickoff Throw to First - Error! E1
Millard King to second
1-1: Foul Ball, location: 2F
1-2: Foul Ball, location: 2F
1-2: DOUBLE (Line Drive, 9LM, EV 108.1 MPH)
Millard King scores
Batting: LHB Make-Make Ekela 0-0: Ball
1-0: Ball
2-0: Called Strike
2-1: Swinging Strike
2-2: Foul Ball, location: 2F
2-2: Ball
3-2: Foul Ball, location: 2F
3-2: Foul Ball, location: 2F
3-2: Ground out 6-3 (Groundball, 6, EV 85.6 MPH)
Joe Goff to third
Batting: LHB Cisco Gracía 0-0: Ball
1-0: Called Strike
1-1: Foul Ball, location: 2F
1-2: Hit by Pitch
Batting: RHB Guillermo Dettori 0-0: Ball
1-0: Ball
2-0: Foul Ball, location: 2F
2-1: Swinging Strike
2-2: Foul Ball, location: 2F
2-2: Strikes out swinging
Batting: LHB Andrew Gray 0-0: Ball
1-0: Ground out 4-3 (Groundball, 34, EV 85.6 MPH)
Top of the 9th over - 1 run, 2 hits, 1 error, 2 left on base; Chicago 11 - Caldwell 2
BOTTOM OF THE 9TH
Caldwell Chiefs batting - Pitching for Chicago Tula : LHP Sancho Altagracia
Batting: RHB Kane Felton 0-0: Ball
1-0: Ball
2-0: Called Strike
2-1: Called Strike
2-2: Ball
3-2: Strikes out swinging
Pinch Hitting: LHB Ramón Gómez 0-0: Ball
1-0: Foul Ball, location: 2F
1-1: Called Strike
1-2: Fly out, F9 (Flyball, 9D, EV 106.2 MPH)
Batting: RHB Clark Curtis 0-0: Called Strike
0-1: SINGLE (Groundball, 56, EV 109.4 MPH) (infield hit)
Batting: RHB Tim Garner 0-0: Ball
1-0: Foul Ball, location: 2F
1-1: Foul Ball, location: 2F
1-2: SINGLE (Groundball, 4MD, EV 100.6 MPH)
Clark Curtis to second
Batting: RHB Yuk Ye 0-0: Called Strike
0-1: Swinging Strike
0-2: Ball
1-2: Foul Ball, location: 2F
1-2: Foul Ball, location: 2F
1-2: Foul Ball, location: 2F
1-2: Strikes out swinging
Bottom of the 9th over - 0 runs, 2 hits, 0 errors, 2 left on base; Chicago 11 - Caldwell 2
Friday, March 26th, 2021 - OOTP Baseball 20.8 Build 74